PCL
REDWOOD CITY REDWOODS @ GRESHAM GOLD SOULS
08/31/2026
 
TOP OF THE 1ST
Redwood City Redwoods batting - Pitching for Gresham Gold Souls : LHP Kip Manning
Pitching: LHP Kip Manning
Batting: LHB Diego González 0-0: Ball
1-0: Called Strike
1-1: SOLO HOME RUN (Flyball, 9D), Distance : 391 ft
Batting: RHB Jesús Maestas 0-0: Ball
1-0: Called Strike
1-1: Ball
2-1: Called Strike
2-2: Ball
3-2: SINGLE (Line Drive, 56)
Batting: LHB Iván Salas 0-0: Ball
1-0: Foul Ball, location: 2F
1-1: Called Strike
1-2: Grounds into double play, 6-4-3 (Groundball, 6M)
Batting: LHB Patrick Bright 0-0: Swinging Strike
0-1: Called Strike
0-2: SOLO HOME RUN (Flyball, 9D), Distance : 384 ft
Batting: RHB Rafael Rincón 0-0: Foul Ball, location: 2F
0-1: Called Strike
0-2: SINGLE (Groundball, 5)
Batting: LHB Nicholas Alston 0-0: Called Strike
0-1: Foul Ball, location: 2F
0-2: Strikes out swinging
Top of the 1st over - 2 run(s), 4 hit(s), 0 error(s), 1 left on base; Redwood City 2 - Gresham 0
BOTTOM OF THE 1ST
Gresham Gold Souls batting - Pitching for Redwood City Redwoods : RHP José Gómez
Pitching: RHP José Gómez
Batting: LHB Bill Smith 0-0: Ball
1-0: Called Strike
1-1: Ground out 4-3 (Groundball, 4)
Batting: RHB Peter Hensley 0-0: Called Strike
0-1: Foul Ball, location: 2F
0-2: Ball
1-2: Foul Ball, location: 2F
1-2: Ball
2-2: SINGLE (Groundball, 5D)
Batting: LHB Vicente Bueno 0-0: Called Strike
0-1: Foul Ball, location: 2F
0-2: Ball
1-2: Ball
2-2: Strikes out swinging
Batting: RHB Lorenzo Morín 0-0: Ball
1-0: Foul Ball, location: 2F
1-1: Ball
2-1: Foul Ball, location: 2F
2-2: Strikes out swinging
Bottom of the 1st over - 0 run(s), 1 hit(s), 0 error(s), 1 left on base; Redwood City 2 - Gresham 0
TOP OF THE 2ND
Redwood City Redwoods batting - Pitching for Gresham Gold Souls : LHP Kip Manning
Batting: SHB Luis González 0-0: Foul Ball, location: 2F
0-1: Ball
1-1: Called Strike
1-2: Foul Ball, location: 2F
1-2: Ball
2-2: Fly out, F6 (Popup, 56D)
Batting: LHB Marcos Pérez 0-0: Foul Ball, location: 2F
0-1: Ball
1-1: Fly out, F8 (Flyball, 8LD)
Batting: RHB Xavier Feliciano 0-0: Ball
1-0: Called Strike
1-1: Foul Ball, location: 2F
1-2: Ball
2-2: Ball
3-2: Foul Ball, location: 2F
3-2: Base on Balls
Batting: LHB Diego González 0-0: Ball
1-0: Swinging Strike
1-1: TRIPLE (Line Drive, 9LS)
Xavier Feliciano scores
Batting: RHB Jesús Maestas 0-0: Ball
1-0: Ball
2-0: Ball
3-0: Called Strike
3-1: Foul Ball, location: 2F
3-2: Foul Ball, location: 2F
3-2: SINGLE (Line Drive, 56D)
Diego González scores
Batting: LHB Iván Salas 0-0: Ball
1-0: Swinging Strike
1-1: Swinging Strike
1-2: Strikes out looking
Top of the 2nd over - 2 run(s), 2 hit(s), 0 error(s), 1 left on base; Redwood City 4 - Gresham 0
BOTTOM OF THE 2ND
Gresham Gold Souls batting - Pitching for Redwood City Redwoods : RHP José Gómez
Batting: RHB Luke McIndoe 0-0: Ball
1-0: Ball
2-0: Ground out 5-3 (Groundball, 5S)
Batting: RHB Matt Davidson 0-0: Ball
1-0: Ball
2-0: Swinging Strike
2-1: Swinging Strike
2-2: Ball
3-2: SOLO HOME RUN (Flyball, 7LD), Distance : 350 ft
Batting: LHB Jeff Doss 0-0: Called Strike
0-1: Foul Ball, location: 2F
0-2: Ball
1-2: Ball
2-2: Strikes out swinging
Batting: RHB Pepe Medrano 0-0: Foul Ball, location: 2F
0-1: Called Strike
0-2: Ground out 5-3 (Groundball, 5)
Bottom of the 2nd over - 1 run(s), 1 hit(s), 0 error(s), 0 left on base; Redwood City 4 - Gresham 1
TOP OF THE 3RD
Redwood City Redwoods batting - Pitching for Gresham Gold Souls : LHP Kip Manning
Batting: LHB Patrick Bright 0-0: Called Strike
0-1: Ball
1-1: Swinging Strike
1-2: Ball
2-2: Strikes out looking
Batting: RHB Rafael Rincón 0-0: Ball
1-0: Ball
2-0: Swinging Strike
2-1: Foul Ball, location: 2F
2-2: Ball
3-2: Strikes out swinging
Batting: LHB Nicholas Alston 0-0: Ball
1-0: Called Strike
1-1: Foul Ball, location: 2F
1-2: Strikes out swinging
Top of the 3rd over - 0 run(s), 0 hit(s), 0 error(s), 0 left on base; Redwood City 4 - Gresham 1
BOTTOM OF THE 3RD
Gresham Gold Souls batting - Pitching for Redwood City Redwoods : RHP José Gómez
Batting: RHB Pablo Castillo 0-0: Ball
1-0: Ball
2-0: Ground out 4-3 (Groundball, 4)
Batting: LHB Bill Smith 0-0: Called Strike
0-1: Ball
1-1: SINGLE (Flyball, 7S)
Batting: RHB Peter Hensley 0-0: Called Strike
0-1: Ball
1-1: Fielders Choice at 2nd, 5-4 (Groundball, 5)
Batting: LHB Vicente Bueno 0-0: SINGLE (Groundball, 13) (infield hit)
Peter Hensley to second
Batting: RHB Lorenzo Morín 0-0: Ball
1-0: Ball
2-0: Ball
3-0: Base on Balls
Peter Hensley to third
Vicente Bueno to second
Batting: RHB Luke McIndoe 0-0: Ball
1-0: Called Strike
1-1: Swinging Strike
1-2: Strikes out swinging
Bottom of the 3rd over - 0 run(s), 2 hit(s), 0 error(s), 3 left on base; Redwood City 4 - Gresham 1
TOP OF THE 4TH
Redwood City Redwoods batting - Pitching for Gresham Gold Souls : LHP Kip Manning
Batting: SHB Luis González 0-0: Called Strike
0-1: Called Strike
0-2: Ball
1-2: Strikes out swinging
Batting: LHB Marcos Pérez 0-0: Called Strike
0-1: Swinging Strike
0-2: Ball
1-2: Ball
2-2: Ground out U3 (Groundball, 3)
Batting: RHB Xavier Feliciano 0-0: Foul Ball, location: 2F
0-1: Swinging Strike
0-2: Foul Ball, location: 2F
0-2: Strikes out looking
Top of the 4th over - 0 run(s), 0 hit(s), 0 error(s), 0 left on base; Redwood City 4 - Gresham 1
BOTTOM OF THE 4TH
Gresham Gold Souls batting - Pitching for Redwood City Redwoods : RHP José Gómez
Batting: RHB Matt Davidson 0-0: Called Strike
0-1: Swinging Strike
0-2: SOLO HOME RUN (Flyball, 78XD), Distance : 407 ft
Batting: LHB Jeff Doss 0-0: Ball
1-0: Ball
2-0: Ball
3-0: Called Strike
3-1: Called Strike
3-2: Base on Balls
Batting: RHB Pepe Medrano 0-0: Ball
1-0: Swinging Strike
1-1: Foul Ball, location: 2F
1-2: Ball
2-2: Foul Ball, location: 2F
2-2: Foul Ball, location: 2F
2-2: Ball
3-2: Base on Balls
Jeff Doss to second
Batting: RHB Pablo Castillo 0-0: Ball
1-0: Called Strike
1-1: Swinging Strike
1-2: Ball
2-2: Ball
3-2: Strikes out swinging
Batting: LHB Bill Smith 0-0: Called Strike
0-1: Called Strike
0-2: Fly out, F8 (Flyball, 8LM)
Batting: RHB Peter Hensley 0-0: Reached on error, E2 (Groundball, 2R)
Jeff Doss to third
Pepe Medrano to second
Batting: LHB Vicente Bueno 0-0: Fly out, F9 (Popup, 89S)
Bottom of the 4th over - 1 run(s), 1 hit(s), 1 error(s), 3 left on base; Redwood City 4 - Gresham 2
TOP OF THE 5TH
Redwood City Redwoods batting - Pitching for Gresham Gold Souls : LHP Kip Manning
Batting: LHB Diego González 0-0: Foul Ball, location: 2F
0-1: Called Strike
0-2: Strikes out swinging
Batting: RHB Jesús Maestas 0-0: Ball
1-0: Swinging Strike
1-1: Ball
2-1: Ball
3-1: Foul Ball, location: 2F
3-2: Base on Balls
Pitching: RHP José González
Batting: LHB Iván Salas 0-0: Called Strike
0-1: Called Strike
0-2: Ball
1-2: Ball
2-2: Ball
3-2: SINGLE (Line Drive, 9S)
Jesús Maestas to second
Batting: LHB Patrick Bright 0-0: Fielders Choice at 2nd, 3-6 (Groundball, 3)
Jesús Maestas to third
Batting: RHB Rafael Rincón 0-0: Ball
1-0: Ball
2-0: Ground out 1-3 (Groundball, 25)
Top of the 5th over - 0 run(s), 1 hit(s), 0 error(s), 2 left on base; Redwood City 4 - Gresham 2
BOTTOM OF THE 5TH
Gresham Gold Souls batting - Pitching for Redwood City Redwoods : RHP José Gómez
Batting: RHB Lorenzo Morín 0-0: Foul Ball, location: 2F
0-1: Fly out, F9 (Flyball, 9M)
Batting: RHB Luke McIndoe 0-0: Ball
1-0: Swinging Strike
1-1: Called Strike
1-2: Ground out 4-3 (Groundball, 13)
Batting: RHB Matt Davidson 0-0: Called Strike
0-1: Foul Ball, location: 2F
0-2: Ball
1-2: Strikes out swinging
Bottom of the 5th over - 0 run(s), 0 hit(s), 0 error(s), 0 left on base; Redwood City 4 - Gresham 2
TOP OF THE 6TH
Redwood City Redwoods batting - Pitching for Gresham Gold Souls : RHP José González
Batting: LHB Nicholas Alston 0-0: Swinging Strike
0-1: Swinging Strike
0-2: Ball
1-2: Strikes out swinging
Batting: SHB Luis González 0-0: Called Strike
0-1: Ball
1-1: Foul Ball, location: 2F
1-2: Ball
2-2: Foul Ball, location: 2F
2-2: Ball
3-2: Strikes out looking
Batting: LHB Marcos Pérez 0-0: Ball
1-0: Ball
2-0: Called Strike
2-1: Ball
3-1: Called Strike
3-2: Foul Ball, location: 2F
3-2: Fly out, F3 (Line Drive, 3L)
Top of the 6th over - 0 run(s), 0 hit(s), 0 error(s), 0 left on base; Redwood City 4 - Gresham 2
BOTTOM OF THE 6TH
Gresham Gold Souls batting - Pitching for Redwood City Redwoods : RHP José Gómez
Batting: LHB Jeff Doss 0-0: Ground out 1-3 (Groundball, 15S)
Batting: RHB Pepe Medrano 0-0: Foul Ball, location: 2F
0-1: Ground out 5-3 (Groundball, 5)
Batting: RHB Pablo Castillo 0-0: Foul Ball, location: 2F
0-1: Fly out, F8 (Flyball, 8LS)
Bottom of the 6th over - 0 run(s), 0 hit(s), 0 error(s), 0 left on base; Redwood City 4 - Gresham 2
TOP OF THE 7TH
Redwood City Redwoods batting - Pitching for Gresham Gold Souls : RHP José González
Batting: RHB Xavier Feliciano 0-0: Ball
1-0: Ball
2-0: Called Strike
2-1: SINGLE (Line Drive, 56)
Batting: LHB Diego González 0-0: Ball
1-0: Called Strike
1-1: Swinging Strike
1-2: Ball
2-2: SINGLE (Groundball, 6MD)
Xavier Feliciano to second
Pitching: RHP Raúl Contreras
Batting: RHB Jesús Maestas 0-0: Fly out, F4 (Line Drive, 4)
Batting: LHB Iván Salas 0-0: Ball
1-0: Called Strike
1-1: Called Strike
1-2: Ball
2-2: Ball
3-2: Foul Ball, location: 2F
3-2: Base on Balls
Xavier Feliciano to third
Diego González to second
Batting: LHB Patrick Bright 0-0: Ball
Wild Pitch!
Xavier Feliciano scores
Diego González to third
Iván Salas to second
1-0: Ball
2-0: Called Strike
2-1: Ball
3-1: Base on Balls
Batting: RHB Rafael Rincón 0-0: Called Strike
0-1: Foul Ball, location: 2F
0-2: Ball
1-2: Ball
2-2: Foul Ball, location: 2F
2-2: Ball
3-2: Base on Balls
Diego González scores
Iván Salas to third
Patrick Bright to second
Batting: LHB Nicholas Alston 0-0: Ball
1-0: Ball
2-0: Ball
3-0: Base on Balls
Iván Salas scores
Patrick Bright to third
Rafael Rincón to second
Batting: SHB Luis González 0-0: Ball
1-0: Ball
2-0: Foul Ball, location: 2F
2-1: Ball
3-1: Called Strike
3-2: Base on Balls
Patrick Bright scores
Rafael Rincón to third
Nicholas Alston to second
Batting: LHB Marcos Pérez 0-0: Ball
1-0: Ball
2-0: Foul Ball, location: 2F
2-1: Ball
3-1: Swinging Strike
3-2: Strikes out swinging
Batting: RHB Xavier Feliciano 0-0: Ball
1-0: Foul Ball, location: 2F
1-1: Foul Ball, location: 2F
1-2: Ball
2-2: Ball
3-2: Base on Balls
Rafael Rincón scores
Nicholas Alston to third
Luis González to second
Pitching: LHP Shawn Taylor
Batting: LHB Diego González 0-0: Ball
1-0: Ball
2-0: Called Strike
2-1: Ball
3-1: Base on Balls
Nicholas Alston scores
Luis González to third
Xavier Feliciano to second
Batting: RHB Jesús Maestas 0-0: Ball
1-0: Ball
2-0: Ball
3-0: Base on Balls
Luis González scores
Xavier Feliciano to third
Diego González to second
Batting: LHB Iván Salas 0-0: Ball
1-0: SINGLE (Line Drive, 9S)
Xavier Feliciano scores
Diego González to third
Jesús Maestas to second
Runner from 3rd tries for Home, SAFE, throw made at trailing runner, OUT at third!
Top of the 7th over - 9 run(s), 3 hit(s), 0 error(s), 1 left on base; Redwood City 13 - Gresham 2
BOTTOM OF THE 7TH
Gresham Gold Souls batting - Pitching for Redwood City Redwoods : RHP José Gómez
Batting: LHB Bill Smith 0-0: Ball
1-0: Ball
2-0: Called Strike
2-1: Fly out, F8 (Flyball, 8RD)
Pitching: RHP Jim Williams
Batting: RHB Peter Hensley 0-0: Ball
1-0: Fly out, F5 (Line Drive, 5S)
Batting: LHB Vicente Bueno 0-0: Ball
1-0: Fly out, F9 (Flyball, 9D)
Bottom of the 7th over - 0 run(s), 0 hit(s), 0 error(s), 0 left on base; Redwood City 13 - Gresham 2
TOP OF THE 8TH
Redwood City Redwoods batting - Pitching for Gresham Gold Souls : LHP Shawn Taylor
Batting: LHB Patrick Bright 0-0: Ball
1-0: Foul Ball, location: 2F
1-1: Swinging Strike
1-2: Ball
2-2: Ground out 4-3 (Groundball, 4)
Pinch Hitting: RHB Tom Meyer 0-0: Ball
1-0: Called Strike
1-1: Foul Ball, location: 2F
1-2: Fly out, F8 (Flyball, 8RD)
Batting: LHB Nicholas Alston 0-0: Called Strike
0-1: SINGLE (Flyball, 89S)
Batting: SHB Luis González 0-0: Ball
1-0: Fly out, F9 (Flyball, 9LSF)
Top of the 8th over - 0 run(s), 1 hit(s), 0 error(s), 1 left on base; Redwood City 13 - Gresham 2
BOTTOM OF THE 8TH
Gresham Gold Souls batting - Pitching for Redwood City Redwoods : RHP Jim Williams
Now at 2B: Carlos Gonzáles
Batting: RHB Lorenzo Morín 0-0: Swinging Strike
0-1: Ball
1-1: Ground out 1-3 (Groundball, 15)
Batting: RHB Luke McIndoe 0-0: Called Strike
0-1: Swinging Strike
0-2: Foul Ball, location: 2F
0-2: DOUBLE (Line Drive, 8RXD)
Batting: RHB Matt Davidson 0-0: Ball
1-0: Foul Ball, location: 2F
1-1: Foul Ball, location: 2F
1-2: Ball
2-2: Ground out 5-3 (Groundball, 5S)
Luke McIndoe to third
Batting: LHB Jeff Doss 0-0: Foul Ball, location: 2F
0-1: 2-RUN HOME RUN (Flyball, 8RXD), Distance : 415 ft
Batting: RHB Pepe Medrano 0-0: Fly out, F7 (Flyball, 78XD)
Bottom of the 8th over - 2 run(s), 2 hit(s), 0 error(s), 0 left on base; Redwood City 13 - Gresham 4
TOP OF THE 9TH
Redwood City Redwoods batting - Pitching for Gresham Gold Souls : LHP Shawn Taylor
Batting: LHB Marcos Pérez 0-0: Foul Ball, location: 2F
0-1: Fly out, F5 (Popup, 5SF)
Batting: RHB Xavier Feliciano 0-0: Ball
1-0: Ball
2-0: Foul Ball, location: 2F
2-1: Called Strike
2-2: Ground out 5-3 (Groundball, 5S)
Batting: LHB Diego González 0-0: Ball
1-0: Foul Ball, location: 2F
1-1: Swinging Strike
1-2: Strikes out swinging
Top of the 9th over - 0 run(s), 0 hit(s), 0 error(s), 0 left on base; Redwood City 13 - Gresham 4
BOTTOM OF THE 9TH
Gresham Gold Souls batting - Pitching for Redwood City Redwoods : RHP Jim Williams
Batting: RHB Pablo Castillo 0-0: Ball
1-0: Swinging Strike
1-1: Fly out, F8 (Flyball, 8RD)
Batting: LHB Bill Smith 0-0: Called Strike
0-1: Ball
1-1: Foul Ball, location: 2F
1-2: Strikes out swinging
Batting: RHB Peter Hensley 0-0: Fly out, F9 (Flyball, 89M)
Bottom of the 9th over - 0 run(s), 0 hit(s), 0 error(s), 0 left on base; Redwood City 13 - Gresham 4
Monday, December 5th, 2016 - OOTP Baseball 17.12 Build 75